 Dungeon Crawl Stone Soup version 0.23-a0-481-g60b89c1 (webtiles) character file.

2511 mopl the Arsonist (level 9, -3/45 HPs)
             Began as a Deep Elf Fire Elementalist on Nov 29, 2018.
             Was an Initiate of Vehumet.
             Slain by an orc warrior
             ... wielding a cursed -2 trident
              (17 damage)
             ... on level 8 of the Dungeon.
             The game lasted 00:12:37 (6708 turns).

mopl the Arsonist (Deep Elf Fire Elementalist)      Turns: 6708, Time: 00:12:38

Health: -3/45      AC:  3    Str:  5    XL:     9   Next: 28%
Magic:  6/22       EV: 13    Int: 24    God:    Vehumet [......]
Gold:   372        SH:  0    Dex: 15    Spells: 7/23 levels left

rFire    + . .     SeeInvis .   C - +0 trident (curse)
rCold    + + .     Gourm    .   (no shield)
rNeg     . . .     Faith    .   a - +0 robe
rPois    .         Spirit   .   (no helmet)
rElec    .         Reflect  .   x - scarf {rC+ rF+}
rCorr    .         Harm     .   (no gloves)
MR       .....                  u - +0 pair of boots
Stlth    ++........             v - amulet of the acrobat
HPRegen  0.15/turn              m - ring of protection from cold
MPRegen  0.18/turn              (no ring)

@: no status effects
A: no striking features
a: Renounce Religion


You were on level 8 of the Dungeon.
You worshipped Vehumet.
Vehumet was noncommittal.
You were not hungry.

You visited 2 branches of the dungeon, and saw 9 of its levels.

You collected 372 gold pieces.

Inventory:

Hand Weapons
 C - a cursed +0 trident (weapon)
 H - a +3 quarterstaff of chaos
Missiles
 b - 6 poisoned javelins (quivered)
 r - 29 poisoned needles
 y - 6 curare-tipped needles
 B - 9 tomahawks
 E - 2 throwing nets
Armour
 a - a +0 robe (worn)
 u - a +0 pair of boots (worn)
 x - a scarf of resistance (worn)
 D - a +0 large shield
Jewellery
 m - a ring of protection from cold (left hand)
 n - an uncursed ring of ice
 v - an amulet of the acrobat (around neck)
Wands
 e - a wand of polymorph (5)
Scrolls
 i - 2 scrolls of amnesia {unknown}
 j - 4 scrolls of fog {unknown}
 k - 3 scrolls of blinking {unknown}
 o - 3 scrolls of teleportation {unknown}
 p - a scroll of enchant weapon {unknown}
 q - 2 scrolls of immolation {unknown}
 t - 4 scrolls of remove curse {unknown}
 w - 3 scrolls of identify
 z - 3 scrolls of noise {unknown}
 K - a scroll of holy word {unknown}
Potions
 d - 6 potions of heal wounds {unknown}
 f - 2 potions of lignification {!q}
 g - a potion of ambrosia
 h - 5 potions of curing
 l - a potion of berserk rage {!q}
 s - a potion of brilliance
 A - a potion of invisibility
 F - 2 potions of haste
 I - a potion of magic
 J - 2 potions of agility
Comestibles
 c - 14 rations
 G - 9 chunks of flesh


   Skills:
 - Level 2.4 Dodging
 - Level 2.4 Stealth
 + Level 7.7 Spellcasting
 * Level 8.6 Conjurations
 - Level 3.0 Hexes
 * Level 9.2 Fire Magic


You had 7 spell levels left.
You knew the following spells:

 Your Spells              Type           Power        Failure   Level  Hunger
a - Flame Tongue          Conj/Fire      #####        1%          1    None
c - Conjure Flame         Conj/Fire      ######..     1%          3    None
d - Sticky Flame          Conj/Fire      ######..     1%          4    ###....
f - Fireball              Conj/Fire      ######....   4%          5    #####..
h - Inner Flame           Hex/Fire       #####...     1%          3    None

Your spell library contained the following spells:

 Spells                   Type           Power        Failure   Level  Hunger
 Confusing Touch          Hex            ###...       1%          1    None
 Magic Dart               Conj           ####         1%          1    None
 Sting                    Conj/Pois      ####         1%          1    None
 Throw Flame              Conj/Fire      ######       1%          2    None
 Animate Skeleton         Necr           N/A          7%          1    None
 Apportation              Tloc           #.....       7%          1    None


Dungeon Overview and Level Annotations

Branches:
Dungeon (8/15)             Temple (1/1) D:5
   Lair: D:8-11

Altars:
Ashenzari
Cheibriados
Dithmenos
Elyvilon
Fedhas
Gozag
Hepliaklqana
Kikubaaqudgha
Makhleb
Nemelex Xobeh
Okawaru
Qazlal
Ru
Sif Muna
Trog
Uskayaw
Vehumet
Wu Jian
Xom
Yredelemnul
Zin
The Shining One

Shops:
D:7 :


Message History

The orc warrior is almost dead.
The orc warrior hits you from afar with a cursed -2 trident!
Casting: Flame Tongue (safe; 1% risk of failure)
Confirm with . or Enter, or press ? or * to list all spells.
Aiming: Flame Tongue (safe; 1% risk of failure)
Press: ? - help, Shift-Dir - straight line, f/p - orc warrior
Aim: an orc warrior, wielding a -2 trident and wearing a +0 plate armour The flame tongue hits the orc warrior.
The orc warrior appears unharmed.
The orc warrior is almost dead.
The orc warrior barely misses you.
Casting: Flame Tongue (safe; 1% risk of failure)
Confirm with . or Enter, or press ? or * to list all spells.
Aiming: Flame Tongue (safe; 1% risk of failure)
Press: ? - help, Shift-Dir - straight line, f/p - orc warrior
Aim: an orc warrior, wielding a -2 trident and wearing a +0 plate armour The flame tongue misses the orc warrior.
The orc warrior hits you from afar with a cursed -2 trident!
There is a stone staircase leading up here.
The orc warrior hits you from afar with a cursed -2 trident!
You die...

##..................[.####....
......##..#...........# ....
.###..###.(...........# ... ##
##.# ###...........# # ###
#...........# #)..........#
#...........#
#####...........#
#####.........@.....# #
#..................##
###.#.#.#.##....o....#
##........###........#
.#..#.#.#.# ###......#
..........# ###.....#
#.#.#.#.#.####.......#
##.(...........#.#.###
##..#......##......#


You could see an orc warrior.

Vanquished Creatures
  Grinder (D:3)
  Sigmund (D:5)
  Edmund (D:5)
  An ice beast (D:4)
  A phantom (D:8)
  2 sky beasts
  2 centaurs (D:8)
  5 ogres
  A bullfrog (D:7)
  A scorpion (D:4)
  3 wights (D:7)
  A centaur zombie (D:6)
  3 hounds
  Crazy Yiuf (D:6)
  10 orc wizards
  4 orc priests
  An iguana (D:5)
  A worker ant (D:4)
  A hound zombie (D:7)
  A howler monkey zombie (D:7)
  A worker ant zombie (D:6)
  A gnoll (D:1)
  8 adders
  4 shadow imps
  3 worms
  A dart slug (D:4)
  2 leopard geckos
  28 orcs
  8 ball pythons
  3 bats
  4 giant cockroaches
  6 hobgoblins
  6 jackals
  4 frilled lizards
  4 goblins
  6 kobolds
  A leopard gecko skeleton (D:4)
  3 rats
135 creatures vanquished.

Notes
Turn   | Place    | Note
-------+----------+-------------------------------------------
     0 | D:1      | mopl the Deep Elf Fire Elementalist began the quest for the
                  | Orb.
     0 | D:1      | Reached XP level 1. HP: 10/10 MP: 6/6
    40 | D:1      | Reached XP level 2. HP: 6/15 MP: 1/8
   949 | D:2      | Reached skill level 2 in Conjurations
   949 | D:2      | Reached skill level 4 in Fire Magic
   949 | D:2      | Reached XP level 3. HP: 13/19 MP: 5/10
   954 | D:2      | Learned a level 3 spell: Conjure Flame
   958 | D:2      | Learned a level 3 spell: Inner Flame
  1022 | D:2      | Reached XP level 4. HP: 4/24 MP: 5/11
  1316 | D:2      | Found a sparkling altar of Nemelex Xobeh.
  1333 | D:2      | Found a faded altar of an unknown god.
  1354 | D:2      | Reached skill level 3 in Conjurations
  1558 | D:2      | Reached skill level 1 in Hexes
  1847 | D:3      | Noticed Grinder
  1893 | D:3      | Paralysed by Grinder for 3 turns
  1898 | D:3      | Paralysed by Grinder for 3 turns
  1914 | D:3      | Killed Grinder
  1914 | D:3      | Reached skill level 4 in Spellcasting
  1914 | D:3      | Reached skill level 4 in Conjurations
  1914 | D:3      | Reached skill level 2 in Hexes
  1914 | D:3      | Reached skill level 5 in Fire Magic
  1914 | D:3      | Reached XP level 5. HP: 19/28 MP: 3/13
  1914 | D:3      | Reached XP level 6. HP: 22/32 MP: 3/14
  1934 | D:3      | Learned a level 4 spell: Sticky Flame
  3299 | D:4      | Reached skill level 5 in Spellcasting
  3299 | D:4      | Reached skill level 5 in Conjurations
  3299 | D:4      | Reached skill level 6 in Fire Magic
  3299 | D:4      | Reached XP level 7. HP: 26/36 MP: 0/16
  4152 | D:4      | Learned a level 5 spell: Fireball
  4173 | D:5      | Entered Level 5 of the Dungeon
  4226 | D:5      | Reached skill level 6 in Conjurations
  4331 | D:5      | Found a staircase to the Ecumenical Temple.
  4342 | Temple   | Entered the Ecumenical Temple
  4818 | D:5      | Reached skill level 7 in Fire Magic
  4818 | D:5      | Reached XP level 8. HP: 41/41 MP: 11/18
  4824 | D:5      | Found a burning altar of Makhleb.
  4863 | D:5      | Reached skill level 3 in Hexes
  4957 | D:5      | Noticed Sigmund
  4981 | D:5      | Killed Sigmund
  4981 | D:5      | Reached skill level 6 in Spellcasting
  5035 | D:5      | Found a bloodstained altar of Trog.
  5128 | D:5      | Noticed Edmund
  5136 | D:5      | Killed Edmund
  5427 | D:6      | Reached skill level 7 in Conjurations
  5451 | D:6      | Identified Qusic's Witchery, Part One
  5521 | D:6      | Found a runed door.
  5525 | D:6      | Noticed Crazy Yiuf
  5529 | D:6      | Killed Crazy Yiuf
  5569 | D:6      | Reached skill level 8 in Fire Magic
  5757 | D:7      | Reached skill level 7 in Spellcasting
  5861 | D:7      | Found Yshrolat's Book Emporium.
  5906 | D:7      | Found a hide-covered altar of Uskayaw.
  5927 | D:7      | Found a blossoming altar of Fedhas.
  5927 | D:7      | Found an ancient bone altar of Kikubaaqudgha.
  5929 | D:7      | Found a glowing silver altar of Zin.
  5929 | D:7      | Found a radiant altar of Vehumet.
  5931 | D:7      | Found a shattered altar of Ashenzari.
  5932 | D:7      | Found a deep blue altar of Sif Muna.
  5939 | D:7      | Became a worshipper of Vehumet
  6005 | D:7      | Reached skill level 8 in Conjurations
  6023 | D:7      | Reached XP level 9. HP: 45/45 MP: 5/21
  6508 | D:8      | Reached skill level 9 in Fire Magic
  6708 | D:8      | Slain by an orc warrior

Vault maps used:
D:1:      onia_arrival_mini_maze_b, minmay_crystal_water
D:2:      lemuel_round_altar, chequers_ecumenical_altar_simple
D:3:      first_ration, uniq_grinder
D:5:      makhleb_heckhound_becter, minmay_temple_entry_poolview,
          minmay_misc_feat_five, trog_hazing_becter, uniq_edmund, uniq_sigmund
D:6:      uniq_crazy_yiuf_cottage
D:7:      grunt_temple_overflow_open, serial_shops, nicolae_shop_stone
D:8:      serial_glass, glass_columns_a, glass_columns_c, glass_columns_a,
          glass_columns_a, glass_columns_a, glass_columns_a, glass_columns_a,
          glass_columns_b, glass_columns_b, glass_columns_b, glass_columns_c,
          glass_columns_b, glass_columns_a, glass_columns_b
Temple:   dshaligram_water_room_temple

Skill      XL: |  1  2  3  4  5  6  7  8  9 |
---------------+----------------------------+-----
Conjurations   | 2 4 5 6 8 |  8.6
Fire Magic     | 4 5 6 7 8 9 |  9.2
Hexes          | 2 3 |  3.0
Spellcasting   | 4 5 7 |  7.7
Dodging        | |  2.4
Stealth        | |  2.4

Action                   |  1- 3 |  4- 6 |  7- 9 || total
-------------------------+-------+-------+-------++-------
Melee: Spear             |       |     1 |       ||     1
Throw: Javelin           |       |     6 |     1 ||     7
 Cast: Flame Tongue      |    22 |    90 |   235 ||   347
       Conjure Flame     |       |     1 |     1 ||     2
       Sticky Flame      |       |     2 |     8 ||    10
       Inner Flame       |       |       |     1 ||     1
  Use: Scroll            |       |     4 |     5 ||     9
  Eat: Chunk             |       |     4 |    11 ||    15
       Ration            |       |     1 |       ||     1
Armor: Robe              |     1 |     1 |     6 ||     8
Dodge: Dodged            |     9 |    18 |    40 ||    67

Table legend:
 A = Non-vault XP
 B = Vault XP
 C = Vault XP percentage of total XP
 D = Non-vault monster count
 E = Vault monster count
 F = Vault count percentage of total count
                 A         B        C        D         E       F
            +---------+---------+-------+---------+---------+-------
      Total |    2825 |     763 |  21.3 |     124 |      11 |   8.1
            +---------+---------+-------+---------+---------+-------
        D:1 |      23 |       0 |   0.0 |       8 |       0 |   0.0
        D:2 |     116 |       0 |   0.0 |      14 |       0 |   0.0
        D:3 |     180 |     286 |  61.4 |      28 |       1 |   3.4
        D:4 |     620 |       0 |   0.0 |      18 |       0 |   0.0
        D:5 |     232 |     435 |  65.2 |      16 |       9 |  36.0
        D:6 |     284 |      42 |  12.9 |      13 |       1 |   7.1
        D:7 |     745 |       0 |   0.0 |      14 |       0 |   0.0
        D:8 |     625 |       0 |   0.0 |      13 |       0 |   0.0
            +---------+---------+-------+---------+---------+-------
